 Dungeon Crawl Stone Soup version 0.28-a0-1212-gc6b4282bc0 (webtiles) character file.

Game seed: 6496961253558529999

3890 BinkBink the Grappler (level 10, -8/83 HPs)
             Began as a Troll Transmuter on Dec 21, 2021.
             Mangled by a very large slime creature (42 damage)
             ... on level 6 of the Dungeon.
             The game lasted 00:13:03 (5988 turns).

BinkBink the Grappler (Troll Transmuter)            Turns: 5988, Time: 00:13:04

Health: -8/83      AC: 12    Str: 20    XL:     10   Next: 0%
Magic:  10/10      EV: 10    Int: 11    God:
Gold:   219        SH:  0    Dex: 12    Spells: 10/11 levels left

rFire   + . .      SeeInvis .     - Unarmed
rCold   + . .      Faith    .   (no shield)
rNeg    . . .      Spirit   .   a - +0 robe
rPois   .          Reflect  .   (helmet restricted)
rElec   .          Harm     .   b - scarf {rC+ rF+}
rCorr   .          Rampage  .   (gloves unavailable)
Will    .....                   (boots unavailable)
Stlth   +.........              l - amulet of regeneration
HPRegen 1.83/turn               u - +4 ring of protection
MPRegen 0.12/turn               j - +4 ring of protection

@: no status effects
A: large, unfitting armour, claws 3, regeneration 1, shaggy fur 1, tough skin 1
a: no special abilities


You were on level 6 of the Dungeon.
You visited 2 branches of the dungeon, and saw 8 of its levels.

You collected 219 gold pieces.

Inventory:

Hand Weapons
 t - the +8 halberd "Ishrups" {holy, +Blink rF+ Dex+5}
   (You found it on level 6 of the Dungeon)

   It has been blessed by the Shining One to cause great damage to the undead
   and demons.
   Dex:       It affects your dexterity (+5).
   rF:        It protects you from fire.
   +Blink:    It lets you blink.
Armour
 a - a +0 robe (worn)
 b - a scarf of resistance (worn)
Jewellery
 c - an amulet of the acrobat
 e - a ring of resist corrosion
 j - a +4 ring of protection (right claw)
 l - an amulet of regeneration (around neck)
 u - a +4 ring of protection (left claw)
 v - a +4 ring of slaying
Wands
 m - a wand of flame (22)
 w - a wand of digging (8)
Scrolls
 d - 3 scrolls of fog {unknown}
 g - 7 scrolls of identify {unknown}
 i - a scroll of teleportation {unknown}
 k - a scroll of enchant weapon {unknown}
 n - 2 scrolls of magic mapping {unknown}
 p - a scroll of torment {unknown}
 q - a scroll of fear {unknown}
 r - a scroll of immolation {unknown}
Potions
 f - 2 potions of attraction {unknown}
 h - a potion of curing {unknown}
 o - a potion of flight {unknown}
 s - a potion of heal wounds {unknown}


   Skills:
 - Level 0.7 Fighting
 - Level 1.5 Dodging
 + Level 14.5 Unarmed Combat
 - Level 1.2 Spellcasting
 - Level 1.3 Transmutations


You had 10 spell levels left.
You knew the following spells:

 Your Spells              Type           Power      Damage    Failure   Level
a - Beastly Appendage     Tmut           6%         N/A       19%         1

Your spell library contained the following spells:

 Spells                   Type           Power      Damage    Failure   Level
 Wereblood                Tmut           3%         N/A       26%         2
 Foxfire                  Conj/Fire      0%         2x1d4     32%         1
 Magic Dart               Conj           0%         1d3       32%         1
 Call Imp                 Summ           0%         N/A       43%         2
 Spider Form              Tmut/Pois      2%         N/A       56%         3
 Conjure Flame            Conj/Fire      0%         6-21      67%         3
 Frozen Ramparts          Ice            0%         1d2       67%         3
 Inner Flame              Hex/Fire       0%         N/A       67%         3
 Mephitic Cloud           Conj/Pois/Air  0%         N/A       67%         3
 Summon Guardian Golem    Hex/Summ       0%         N/A       67%         3
 Ice Form                 Ice/Tmut       2%         N/A       93%         4
 Flame Wave               Conj/Fire      0%         2d4       97%         4
 Summon Ice Beast         Ice/Summ       0%         N/A       97%         4
 Orb of Destruction       Conj           0%         N/A       100%        7
 Spellforged Servitor     Conj/Summ      0%         N/A       100%        7


Dungeon Overview and Level Annotations

Branches:
Dungeon (7/15)             Temple (1/1) D:5

Altars:
Ashenzari
Cheibriados
Dithmenos
Elyvilon
Fedhas
Gozag
Kikubaaqudgha
Makhleb
Nemelex Xobeh
Okawaru
Qazlal
Sif Muna
Trog
Uskayaw
Vehumet
Wu Jian
Xom
Yredelemnul
Zin
The Shining One

Shops:
D:7 =


Innate Abilities, Weirdness & Mutations

You are too large for most types of armour.
You have claws for hands.
Your natural rate of healing is unusually fast.
You are covered in fur. (AC +1)
You have tough skin. (AC +1)


Message History

Ouch! That really hurt!
* * * LOW HITPOINT WARNING * * *
You are too injured to fight recklessly!
You are too injured to fight recklessly!
There is an entrance to Kifaulex's Jewellery Emporium here.
There is an open door here.
There is an open door here.
There is a stone staircase leading down here.
There is a stone staircase leading up here.
You climb upwards.
There is a stone staircase leading down here.
Done exploring.
You climb downwards.
The very large slime creature barely misses you.
There is a stone staircase leading up here.
The very large slime creature hits you!!!
Ouch! That really hurt!
You climb upwards.
There is a stone staircase leading down here.
There is an escape hatch in the ceiling here.
You grow a pair of large bovine horns.
Your feet morph into talons.
You claw the very large slime creature!
You claw the very large slime creature, but do no damage.
The very large slime creature is lightly wounded.
The very large slime creature hits you!!!
Ouch! That really hurt!
Your transformation is almost over.
Your horns disappear.
Your talons disappear.
The very large slime creature hits you!!
You see here a +0 rapier.
A very large slime creature splits.
The slime creature hits you!
Two slime creatures merge to form a very large slime creature.
There is a stone staircase leading down here.
You see here 5 stones.
The very large slime creature hits you!!!
Ouch! That really hurt!
The very large slime creature hits you!!!
Ouch! That really hurt!
You die...

#.# #.# #.#
#######.# #.#
#.......#
#.########.#######
#................##
##########.###.#..#
#...##.≈≈..#
#.#.≈≈≈P≈J.#
##.≈≈P≈≈P≈@.#
#######.≈≈≈≈♣≈≈≈P.#
.....P≈.P♣≈≈≈≈≈P..#
##≈≈.≈≈≈♣≈≈P≈PP#.##
..≈P≈≈≈♣≈P≈.####.##
.≈P≈≈≈≈♣P≈........#
.≈≈≈≈♣♣≈≈≈≈######.#
.P≈≈≈≈♣♣≈≈P## #.#
.≈.P≈♣♣♣≈P≈P#####.#


You could see a very large slime creature.

Vanquished Creatures
  A skeletal warrior (D:7)
  Pikel (D:4)
  A slime creature (D:7)
  Eustachio (D:4)
  A water moccasin (D:7)
  2 ice beasts
  An ogre (D:7)
  2 sky beasts
  2 black bears (D:5)
  2 centaurs
  4 lemures (D:4)
  3 phantoms
  A gnoll sergeant (D:7)
  A bullfrog (D:7)
  5 scorpions
  A howler monkey (D:6)
  A vampire bat (D:3)
  2 electric eels (D:6)
  4 bullfrog zombies
  A hound (D:7)
  2 centaur zombies
  2 jellies
  3 bullfrog skeletons
  Jessica (D:2)
  A gnoll shaman (D:6)
  4 iguanas
  2 killer bee zombies
  12 gnolls
  7 adders
  A white imp (D:7)
  3 ufetubi (D:5)
  A worm (D:3)
  3 dart slugs (D:2)
  3 fire bats (D:3)
  An orc (D:5)
  2 spectral bats (D:3)
  3 bat skeletons (D:3)
  A bat zombie (D:3)
  7 endoplasms
  A giant cockroach (D:3)
  9 goblins
  8 hobgoblins
  2 jackals (D:3)
  9 kobolds
  5 quokkas
  6 ball pythons
  15 bats
  A bat simulacrum (D:3)
  4 frilled lizards
  6 rats
162 creatures vanquished.

Vanquished Creatures (others)
  A fungus (D:4)
  37 plants
38 creatures vanquished.

Grand Total: 200 creatures vanquished

Notes
Turn   | Place    | Note
-------+----------+-------------------------------------------
     0 | D:1      | BinkBink the Troll Transmuter began the quest for the Orb.
     0 | D:1      | Reached XP level 1. HP: 18/18 MP: 1/1
    86 | D:1      | Reached XP level 2. HP: 23/26 MP: 2/2
   338 | D:1      | Reached skill level 4 in Unarmed Combat
   694 | D:2      | Reached XP level 3. HP: 27/32 MP: 3/3
   766 | D:2      | Noticed Jessica
   773 | D:2      | Killed Jessica
   907 | D:2      | Reached XP level 4. HP: 39/40 MP: 4/4
  1050 | D:2      | Reached skill level 5 in Unarmed Combat
  1657 | D:3      | Reached skill level 6 in Unarmed Combat
  1657 | D:3      | Reached XP level 5. HP: 45/46 MP: 5/5
  2343 | D:4      | Noticed a phantom
  2351 | D:4      | Killed a phantom
  2352 | D:4      | Reached skill level 7 in Unarmed Combat
  2352 | D:4      | Reached XP level 6. HP: 46/54 MP: 4/6
  2408 | D:4      | Found a blossoming altar of Fedhas.
  2727 | D:4      | Noticed Eustachio
  2745 | D:4      | Killed Eustachio
  2746 | D:4      | Reached skill level 8 in Unarmed Combat
  2746 | D:4      | Reached XP level 7. HP: 61/61 MP: 5/7
  2819 | D:4      | Noticed Pikel
  2864 | D:4      | Killed Pikel
  2865 | D:4      | Reached skill level 9 in Unarmed Combat
  2865 | D:4      | Reached XP level 8. HP: 16/68 MP: 8/8
  3135 | D:5      | Entered Level 5 of the Dungeon
  3176 | D:5      | Found a radiant altar of Vehumet.
  3177 | D:5      | Found an iron altar of Okawaru.
  3195 | D:5      | Reached skill level 10 in Unarmed Combat
  3234 | D:5      | Identified the +3 leather armour of Puog {*Slow rPois rC++
                  | rN+}
  3638 | D:5      | Found a staircase to the Ecumenical Temple.
  3683 | Temple   | Entered the Ecumenical Temple
  4101 | D:5      | Reached skill level 11 in Unarmed Combat
  4637 | D:6      | Reached skill level 12 in Unarmed Combat
  4646 | D:6      | Identified the +8 halberd "Ishrups" {holy, +Blink rF+
                  | Dex+5}
  4724 | D:6      | Reached XP level 9. HP: 75/75 MP: 7/9
  5140 | D:6      | Found a snail-covered altar of Cheibriados.
  5140 | D:6      | Found a faded altar of an unknown god.
  5157 | D:6      | Found a faded altar of an unknown god.
  5160 | D:6      | Found a burning altar of Makhleb.
  5162 | D:6      | Found a hide-covered altar of Uskayaw.
  5304 | D:7      | Noticed a skeletal warrior
  5337 | D:7      | Reached skill level 13 in Unarmed Combat
  5398 | D:7      | Killed a skeletal warrior
  5399 | D:7      | Reached skill level 14 in Unarmed Combat
  5575 | D:7      | Found a shimmering altar of Xom.
  5727 | D:7      | Found Kifaulex's Jewellery Emporium.
  5746 | D:7      | Found a shimmering altar of Xom.
  5746 | D:7      | Found a shimmering altar of Xom.
  5751 | D:7      | Reached XP level 10. HP: 75/83 MP: 10/10
  5988 | D:6      | Mangled by a very large slime creature

Illustrated notes

Levels and vault maps discovered:
D:1:      amcnicky_arrival_feature_with_door, layout_loops_ring
D:2:      layout_basic, minmay_misc_feat_tower, uniq_jessica
D:3:      layout_loops_ring, serial_bayou, serial_bayou_lake_a,
          serial_bayou_pond_c, serial_bayou_pond_d, serial_bayou_crossing,
          serial_bayou_pond_a, goddamned_bats
D:4:      layout_gridville, mainiacjoe_overflow_cross_hatched, uniq_pikel,
          uniq_eustachio
D:5:      layout_loops_corners, grunt_temple_overflow_open,
          minmay_temple_entry_large_hall, minmay_misc_feat_ornament
D:6:      layout_loops_ring, chequers_temple_overflow_minitemple, serial_bayou,
          serial_bayou_pond_e, serial_bayou_pond_e, serial_bayou_lagoon_a,
          serial_bayou_ford_a, serial_bayou_pond_e, serial_bayou_shore_b,
          minmay_misc_feat_enclosed
D:7:      minmay_clustersquares, layout_basic, nicolae_xom_altar_mimics,
          serial_shops, shop, grunt_ministairs_2
Temple:   nicolae_temple_figure_eight

Skill      XL: |  1  2  3  4  5  6  7  8  9 |
---------------+----------------------------+-----
Unarmed Combat | 4 6 7 8 9 12 14 | 14.5
Fighting       | |  0.7
Dodging        | |  1.5
Spellcasting   | |  1.2
Transmutations | |  1.3

Action                   |  1- 3 |  4- 6 |  7- 9 | 10-12 || total
-------------------------+-------+-------+-------+-------++-------
Melee: Unarmed           |    84 |   160 |   229 |    11 ||   484
       Punch             |     1 |     5 |    14 |     1 ||    21
       Kick              |       |     5 |    46 |     4 ||    55
       Headbutt          |       |     3 |    27 |     1 ||    31
 Cast: Beastly Appendage |       |     6 |    34 |     2 ||    42
Armor: Robe              |    31 |    79 |    86 |     1 ||   197
Dodge: Dodged            |    33 |   111 |    89 |     2 ||   235

Table legend: (Time is in decaauts)
 A = Elapsed time spent in this place.
 B = Non-inter-level travel time spent in this place.
 C = Inter-level travel time spent in this place.
 D = Time resting spent in this place.
 E = Time spent auto-exploring this place.
 F = Levels seen in this place.
 G = Mean time per level.
                   A        B        C        D        E       F      G
               +--------+--------+--------+--------+--------+-----+--------+
         Total |   5954 |   5669 |    285 |      0 |   4286 |   8 |  744.2 |
       Dungeon |   5637 |   5461 |    176 |      0 |   4079 |   7 |  805.3 |
        Temple |    316 |    207 |    109 |      0 |    207 |   1 |  316.0 |
               +--------+--------+--------+--------+--------+-----+--------+

Top non-repeatable levels by time:
     D:6: 989 daAuts
     D:5: 954 daAuts
     D:4: 843 daAuts
     D:3: 818 daAuts
     D:2: 783 daAuts
     D:1: 685 daAuts
     D:7: 561 daAuts
  Temple: 316 daAuts
